 Dungeon Sprint DCSS version 0.29-a0-384-g6960b1960d (webtiles) character file.

Game seed: 1694009820298511086

14934 mhtbhm the Bludgeoner (level 12, -10/123 HPs)
             Began as a Gargoyle Berserker on May 7, 2022.
             Was the Champion of Trog.
             Killed from afar by Nikola (12 damage)
             ... with a bolt of lightning
             ... in the Dungeon (Sprint II: "The Violet Keep of Menkaure").
             The game lasted 00:09:04 (3434 turns).

mhtbhm the Bludgeoner (Gargoyle Berserker)          Turns: 3434, Time: 00:09:04

Health: -10/123    AC: 34    Str: 21    XL:     12   Next: 21%
Magic:  12/12      EV:  6    Int: 15    God:    Trog [******]
Gold:   276        SH:  0    Dex:  9    Spells: 11/11 levels left

rFire   + + .      SeeInvis .   a - +8 dire flail "Laerch" {vorpal, rN++}
rCold   + . .      Faith    .   (shield currently unavailable)
rNeg    + + +      Spirit   .   b - +0 gold dragon scales
rPois   ∞          Reflect  .   u - +0 helmet
rElec   +          Harm     .   m - +2 cloak
rCorr   .          Rampage  .   (no gloves)
Will    .....      Rage     1%  (no boots)
Stlth   .......... NoTele   +   (no amulet)
HPRegen 0.30/turn               d - ring of Qoes {*Corrode +Blink rF+ Int+2 Slay+3}
MPRegen 0.13/turn               w - +6 ring of intelligence

@: berserking, unable to read, very quick
A: sickness immunity, AC +8, negative energy resistance 1, electricity
resistance, torment resistance 1, petrification resistance, iridescent scales 1,
berserk 1, dopey 1, frail 1, weak 2, subdued magic 1, inability to read while
threatened, MP-powered wands
a: Renounce Religion, Evoke Blink, Berserk, Trog's Hand, Brothers in Arms


You were in the Dungeon.
You worshipped Trog.
Trog was exalted by your worship.
You visited 1 branch You collected 1782 gold pieces.
You spent 1506 gold pieces at shops.

Inventory:

Hand Weapons
 a - the +8 dire flail "Laerch" (weapon) {vorpal, rN++}
   (Trog gifted it to you in the Dungeon)

   It inflicts extra damage upon your enemies.
   rN:        It greatly protects you from negative energy.
 k - a +4 dire flail of flaming
Missiles
 y - 6 poisoned darts (quivered)
Armour
 b - +0 gold dragon scales (worn)
 m - a +2 cloak (worn)
 s - a +0 robe
 u - a +0 helmet (worn)
Jewellery
 d - the ring of Qoes (left hand) {*Corrode +Blink rF+ Int+2 Slay+3}
   (You bought it in a shop in the Dungeon)

   [ring of protection from fire]

   Int:       It affects your intelligence (+2).
   Slay:      It affects your accuracy & damage with ranged weapons and melee
   (+3).
   rF:        It protects you from fire.
   +Blink:    It lets you blink.
   *Corrode:  It may corrode you when you take damage.
 w - a +6 ring of intelligence (right hand)
Scrolls
 h - a scroll of blinking
 l - a scroll of poison
 o - 2 scrolls of brand weapon
 r - 3 scrolls of fear
 t - a scroll of magic mapping
 x - a scroll of vulnerability
Potions
 c - a potion of curing
 e - a potion of haste
 f - 5 potions of magic
 g - a potion of berserk rage
 i - 5 potions of flight
 j - a potion of experience {unknown}
 n - 4 potions of heal wounds
 p - 3 potions of brilliance
 q - 3 potions of resistance


   Skills:
 + Level 18.3 Fighting
 + Level 20.6 Maces & Flails
 + Level 12.8 Armour
 + Level 8.0 Dodging
 + Level 5.1 Stealth


You had 11 spell levels left.
You didn't know any spells.
Your spell library was empty.

Dungeon Overview and Level Annotations

Branches:
Dungeon (1/1)

Altars:
Cheibriados
Dithmenos
Elyvilon
Fedhas
Gozag
Hepliaklqana
Kikubaaqudgha
Makhleb
Nemelex Xobeh
Okawaru
Qazlal
Ru
Sif Muna
Trog
Uskayaw
Wu Jian
Xom
Yredelemnul
Beogh
Jiyva
Lugonu

Shops:
D ::[(!=[[[!:=![??=[*

Annotations:
D Lernaean hydra, Nikola


Innate Abilities, Weirdness & Mutations

You are immune to sickness and miasma.
Your stone body is resilient. (AC +8)
You are immune to poison.
You resist negative energy. (rN+)
You are resistant to electric shocks. (rElec)
You are resistant to unholy torment.
You are immune to petrification.
You are partially covered in iridescent scales. (AC +2)
You tend to lose your temper in combat.
You are dopey. (Int -2)
You are frail. (-10% HP)
You are very weak. (Str -4)
Your spells are a little easier to cast, but a little less powerful.
You sometimes lose the ability to read scrolls when taking damage.
You expend magic power (3 MP) to strengthen your wands.


Message History

Nikola is heavily wounded.
You sock Nikola!
Nikola is severely wounded.
Nikola hits you with a +2 rapier of electrocution!
You puncture Nikola!
Nikola is severely wounded.
Nikola points at you and mumbles some strange words.
The bolt of lightning hits you! You resist.
You are too injured to fight recklessly!
You are too injured to fight recklessly!
You are too injured to fight recklessly!
You are too injured to fight recklessly!
You are too injured to fight recklessly!
You are too injured to fight recklessly!
You are too injured to fight recklessly!
You are too injured to fight recklessly!
You are too injured to fight recklessly!
Unknown command.
A red film seems to cover your vision as you go berserk!
You feel yourself moving faster!
You feel mighty!
Nikola gestures wildly while chanting.
Lightning arcs from Nikola's hands!
The bolt of lightning hits you!!! You resist.
* * * LOW HITPOINT WARNING * * *
A bolt of lightning appears from out of thin air!
The bolt of lightning hits Nikola.
Unknown command.
Press: ? - help, v - describe, . - travel
Here: Nikola, wielding a +2 rapier of electrocution, wearing a +2 cloak of poison resistance and wearing a +0 pair of gloves (severely wounded)
An open door, spattered with blood.
Unknown command.
Unknown command.
You hit Nikola.
Nikola is severely wounded.
Unknown command.
You impale Nikola!!
Nikola is almost dead.
Nikola casts a spell at you. The bolt of lightning hits you! You resist.
You die...

##....∩...#≈#.#.##.#
##.∩.∩....'≈'##.'.<.
##∩.∩.....#≈##..##.#
#▓▓▓▓▓▓▓###≈##.###'#
##...######≈≈#####.#
#)..#†.÷.##≈≈≈#..#.
#∩..†).#+#*+#≈##.#.
#.[.#(##≈##,#≈≈##'#
#.@.###≈≈≈##*#≈≈≈≈≈
##@###≈≈§≈≈#,#+++#'
#$.$##≈≈≈≈≈###°≈°≈°
##+###§≈≈§≈##≈§≈≈°≈
#.9.#+§≈.≈≈'§≈○§°°○
##+###≈§§§§##≈≈°≈≈○
*$.)##§§§§≈###≈°≈○°
*#+###§≈§§§#∩####+#
*,,,*##§§≈##,,,,***


You could see Nikola.

Vanquished Creatures
  A golden dragon (D)
  A kraken (D)
  A storm dragon (D)
  Roxanne (D)
  A crystal guardian (D)
  An ice dragon (D)
  2 hell hogs (D)
  2 death drakes (D)
  An orange crystal statue (D)
  An obsidian statue (D)
  An oklob plant (D)
  3 manticores (D)
  2 cane toads (D)
  A yaktaur (D)
  3 polar bears (D)
  A hornet (D)
  2 wyverns (D)
  3 yaks (D)
  4 neqoxecs (D)
  2 redbacks (D)
  Menkaure (D)
  4 water moccasins (D)
  2 swamp drakes (D)
  4 necrophages (D)
  4 scorpions (D)
  5 tentacles (D)
54 creatures vanquished.

Vanquished Creatures (others)
  A water moccasin (D)
  11 tentacles (D)
12 creatures vanquished.

Grand Total: 66 creatures vanquished

Notes
Turn   | Place    | Note
-------+----------+-------------------------------------------
     0 | D        | mhtbhm the Gargoyle Berserker began the quest for the Orb.
     0 | D        | Reached XP level 1. HP: 14/14 MP: 1/1
     1 | D        | Noticed a wyvern
     1 | D        | Noticed a wyvern
    10 | D        | Killed a wyvern
    11 | D        | Reached skill level 7 in Maces & Flails
    11 | D        | Reached XP level 2. HP: 16/25 MP: 2/2
    11 | D        | Reached XP level 3. HP: 19/29 MP: 3/3
    11 | D        | Reached XP level 4. HP: 23/35 MP: 4/4
    11 | D        | Reached XP level 5. HP: 26/39 MP: 5/5
    18 | D        | Killed a wyvern
    19 | D        | Reached skill level 9 in Maces & Flails
    19 | D        | Reached XP level 6. HP: 28/46 MP: 6/6
   210 | D        | Reached ** piety under Trog
   216 | D        | Reached skill level 10 in Fighting
   216 | D        | Reached skill level 5 in Armour
   219 | D        | Reached skill level 10 in Maces & Flails
   219 | D        | Reached XP level 7. HP: 52/52 MP: 7/7
   271 | D        | Reached *** piety under Trog
   278 | D        | Reached skill level 11 in Maces & Flails
   278 | D        | Reached skill level 5 in Dodging
   445 | D        | Noticed Menkaure
   449 | D        | Noticed an obsidian statue
   456 | D        | Killed Menkaure
   456 | D        | Reached **** piety under Trog
   457 | D        | Reached XP level 8. HP: 15/60 MP: 8/8
   711 | D        | Gained mutation: You are weak. (Str -2) [a neqoxec]
   713 | D        | Gained mutation: Armour fits poorly on your strangely
                  | shaped body. [a neqoxec]
   715 | D        | Reached skill level 12 in Maces & Flails
   715 | D        | Reached skill level 1 in Stealth
   727 | D        | Gained mutation: You occasionally shout uncontrollably at
                  | your foes. [a neqoxec]
   730 | D        | Gained mutation: You expend magic power (3 MP) to
                  | strengthen your wands. [a neqoxec]
   739 | D        | Gained mutation: You are frail. (-10% HP) [a neqoxec]
   742 | D        | Reached ***** piety under Trog
   743 | D        | Reached skill level 13 in Maces & Flails
   892 | D        | Found Fashe's Distillery.
   892 | D        | Found Sej Fes's Distillery.
   892 | D        | Found Holysek's Magic Scroll Emporium.
   892 | D        | Found Ubyrir's Armour Shoppe.
   892 | D        | Found Vuronk's Jewellery Shoppe.
   892 | D        | Found Meschuyr's Antique Armour Shoppe.
   892 | D        | Found Pangiz's Antique Armour Emporium.
   892 | D        | Found Iniuklumm's Book Emporium.
   892 | D        | Found Cinty's Antique Armour Shoppe.
   925 | D        | Found Lineisec's Jewellery Emporium.
   925 | D        | Found Soseger's Distillery.
   925 | D        | Noticed a yak
   926 | D        | Noticed a yak
   927 | D        | Found Woydd's Antique Weapon Shoppe.
   927 | D        | Found Killitt's Antique Armour Emporium.
   927 | D        | Noticed a yak
   927 | D        | Noticed an oklob plant
   927 | D        | Noticed a hell hog
   928 | D        | Found Avyam's Book Shoppe.
   928 | D        | Found Kunovuc's Book Shoppe.
   929 | D        | Noticed a hell hog
   954 | D        | Bought a shimmering chain mail for 237 gold pieces
   954 | D        | Identified the +11 chain mail "Roxzy" {rElec Str-2 SInv
                  | Stlth+} (You bought it in a shop in the Dungeon)
   968 | D        | Noticed a manticore
   971 | D        | Noticed a manticore
   973 | D        | Bought the ring of Qoes {*Corrode +Blink rF+ Int+2 Slay+3}
                  | for 502 gold pieces
  1034 | D        | Found an opulent altar of Gozag.
  1034 | D        | Found an iron altar of Okawaru.
  1037 | D        | Found a blossoming altar of Fedhas.
  1038 | D        | Found a white marble altar of Elyvilon.
  1038 | D        | Found a burning altar of Makhleb.
  1039 | D        | Found a shadowy altar of Dithmenos.
  1039 | D        | Found a corrupted altar of Lugonu.
  1040 | D        | Found a snail-covered altar of Cheibriados.
  1040 | D        | Found an ancient bone altar of Kikubaaqudgha.
  1040 | D        | Found a bloodstained altar of Trog.
  1041 | D        | Found a viscous altar of Jiyva.
  1041 | D        | Found a shimmering blue altar of Sif Muna.
  1042 | D        | Found a hazy altar of Hepliaklqana.
  1042 | D        | Found a sacrificial altar of Ru.
  1043 | D        | Found a stormy altar of Qazlal.
  1043 | D        | Found an ornate altar of the Wu Jian Council.
  1044 | D        | Noticed a yaktaur
  1044 | D        | Noticed a hornet
  1044 | D        | Noticed a polar bear
  1044 | D        | Noticed a polar bear
  1044 | D        | Noticed a polar bear
  1052 | D        | Killed a polar bear
  1053 | D        | Reached XP level 9. HP: 60/60 MP: 9/9
  1058 | D        | Killed a polar bear
  1065 | D        | Killed a polar bear
  1066 | D        | Reached skill level 14 in Maces & Flails
  1071 | D        | Killed a hornet
  1080 | D        | Killed a yaktaur
  1081 | D        | Reached skill level 15 in Maces & Flails
  1251 | D        | Found a shimmering altar of Xom.
  1284 | D        | Identified the +2 great mace "Wawn" {vorpal, rN+} (Trog
                  | gifted it to you in the Dungeon)
  1284 | D        | Received a gift from Trog
  1284 | D        | Reached ****** piety under Trog
  1304 | D        | Noticed a kraken
  1488 | D        | Noticed a death drake
  1489 | D        | Noticed a crystal guardian
  1490 | D        | Noticed a death drake
  1493 | D        | Killed a crystal guardian
  1494 | D        | Reached XP level 10. HP: 67/67 MP: 10/10
  1502 | D        | Killed a death drake
  1503 | D        | Reached skill level 16 in Maces & Flails
  1508 | D        | Killed a death drake
  1570 | D        | Received a gift from Trog
  1575 | D        | Reached skill level 15 in Fighting
  1593 | D        | Noticed an ice dragon
  1601 | D        | Killed an ice dragon
  1602 | D        | Reached skill level 17 in Maces & Flails
  1602 | D        | Reached skill level 5 in Stealth
  1777 | D        | Noticed a deep elf master archer
  1780 | D        | Noticed a cane toad
  1780 | D        | Noticed a cane toad
  1787 | D        | Killed a cane toad
  1789 | D        | Killed a cane toad
  2087 | D        | Killed a kraken
  2088 | D        | Reached skill level 10 in Armour
  2088 | D        | Reached XP level 11. HP: 52/74 MP: 11/11
  2363 | D        | Found a sparkling altar of Nemelex Xobeh.
  2363 | D        | Found a hide-covered altar of Uskayaw.
  2363 | D        | Found a basalt altar of Yredelemnul.
  2379 | D        | Noticed Roxanne
  2397 | D        | Killed Roxanne
  2398 | D        | Reached skill level 18 in Maces & Flails
  2638 | D        | Noticed a storm dragon
  2645 | D        | Killed a storm dragon
  2776 | D        | Found Qosol's Assorted Antiques.
  2776 | D        | Found Jyrgh's Antique Armour Shoppe.
  2776 | D        | Found Eteerel's Jewellery Shop.
  2776 | D        | Found Werr's Magic Scroll Boutique.
  2776 | D        | Noticed a golden dragon
  2785 | D        | Killed a golden dragon
  2785 | D        | Received a gift from Trog
  2786 | D        | Reached skill level 19 in Maces & Flails
  2864 | D        | Bought an embroidered cloak for 202 gold pieces
  2910 | D        | Bought a potion of heal wounds for 110 gold pieces
  2910 | D        | Bought a robe for 15 gold pieces
  2910 | D        | Bought a scroll of brand weapon for 440 gold pieces
  2965 | D        | Killed an obsidian statue
  2972 | D        | Noticed an orange crystal statue
  2973 | D        | Noticed a manticore
  2975 | D        | Noticed Nikola
  2980 | D        | Killed an orange crystal statue
  2985 | D        | Noticed the 27-headed Lernaean hydra
  2990 | D        | Gained mutation: You sometimes lose the ability to read
                  | scrolls when taking damage. [mutagenic glow]
  2998 | D        | Gained mutation: You are dopey. (Int -2) [mutagenic glow]
  3005 | D        | Gained mutation: You are very weak. (Str -4) [mutagenic
                  | glow]
  3022 | D        | Gained mutation: Your spells are a little easier to cast,
                  | but a little less powerful. [mutagenic glow]
  3031 | D        | Gained mutation: You tend to lose your temper in combat.
                  | [mutagenic glow]
  3100 | D        | Lost mutation: You occasionally shout uncontrollably at
                  | your foes. [potion of mutation]
  3100 | D        | Lost mutation: Armour fits poorly on your strangely shaped
                  | body. [potion of mutation]
  3100 | D        | Gained mutation: You are partially covered in iridescent
                  | scales. (AC +2) [potion of mutation]
  3105 | D        | Killed a manticore
  3108 | D        | Killed a manticore
  3112 | D        | Killed a manticore
  3113 | D        | Reached skill level 20 in Maces & Flails
  3113 | D        | Reached XP level 12. HP: 65/82 MP: 12/12
  3291 | D        | Killed a hell hog
  3291 | D        | Identified the +8 dire flail "Laerch" {vorpal, rN++} (Trog
                  | gifted it to you in the Dungeon)
  3291 | D        | Received a gift from Trog
  3295 | D        | Killed a hell hog
  3432 | D        | HP: 2/123 [Nikola/arc of chain lightning (49)]
  3434 | D        | Killed from afar by Nikola

Illustrated notes

Levels and vault maps discovered:
D:        the_violet_keep_of_menkaure [sprint2_stairs_cluster_1,
          sprint2_shoproom, sprint2_temple, sprint2_basic_supplies,
          sprint2_obstacle_3, sprint2_obstacle_1, sprint2_obstacle_6,
          sprint2_obstacle_4, sprint2_obstacle_7, sprint2_timed_cluster_1,
          sprint2_smallroom_cluster_1, sprint2_smallroom_final_cluster_1,
          sprint2_transparent_cluster_1, sprint2_second_timed_cluster_1,
          sprint2_sniper_area_1, sprint2_heavy_combat_area_1,
          sprint2_mutation_trap_area_1, sprint2_forest_area_1,
          sprint2_light_combat_area_1, sprint2_behind_water_1,
          sprint2_near_end_vault_1]

Skill      XL: |  1  2  3  4  5  6  7  8  9 10 11 12 |
---------------+-------------------------------------+-----
Fighting       | 7 9 10 11 12 14 16 17 18 | 18.3
Maces & Flails | 7 9 10 11 13 15 17 20 | 20.6
Armour         | 3 4 5 7 10 12 | 12.8
Dodging        | 3 4 5 6 7 8 |  8.0
Stealth        | 2 4 5 |  5.1

Action                   |  1- 3 |  4- 6 |  7- 9 | 10-12 || total
-------------------------+-------+-------+-------+-------++-------
Melee: Mace              |     8 |    20 |   137 |       ||   165
       Punch             |       |       |     3 |       ||     3
       Great mace        |       |       |     5 |   122 ||   127
       Dire flail        |       |       |       |    19 ||    19
Invok: Berserk           |     1 |     1 |     4 |     7 ||    13
  Use: Potion            |       |       |     1 |     3 ||     4
       Scroll            |       |       |       |    10 ||    10
Armor: Animal skin       |     1 |     3 |    15 |       ||    19
       Chain mail        |       |       |    44 |    41 ||    85
       Gold dragon scale |       |       |       |    19 ||    19
Dodge: Dodged            |     6 |     8 |    57 |    37 ||   108

Table legend: (Time is in decaauts)
 A = Elapsed time spent in this place.
 B = Non-inter-level travel time spent in this place.
 C = Inter-level travel time spent in this place.
 D = Time resting spent in this place.
 E = Time spent auto-exploring this place.
 F = Levels seen in this place.
 G = Mean time per level.
                   A        B        C        D        E       F      G
               +--------+--------+--------+--------+--------+-----+--------+
         Total |   3503 |   3503 |      0 |   2521 |      0 |   1 | 3503.0 |
       Dungeon |   3503 |   3503 |      0 |   2521 |      0 |   1 | 3503.0 |
               +--------+--------+--------+--------+--------+-----+--------+

Top non-repeatable levels by time:
       D: 3503 daAuts
